 Dungeon Crawl Stone Soup version 0.25-a0-1056-g2efb326896 (webtiles) character file.

Game seed: 16709075060771803446, levelgen mode: deterministic

6379 Flugkiller the Nimble (level 10, -2/68 HPs)
             Began as an Octopode Wanderer on May 13, 2020.
             Was a Priest of Fedhas.
             Killed themself with a badly aimed iceblast (21 damage)
             ... on level 10 of the Dungeon.
             The game lasted 00:38:41 (15440 turns).

Flugkiller the Nimble (Octopode Wanderer)          Turns: 15440, Time: 00:38:41

Health: -2/68      AC:  1    Str: 12    XL:     10   Next: 97%
Magic:  23/23      EV: 21    Int: 13    God:    Fedhas [***...]
Gold:   389        SH:  6    Dex: 16    Spells: 9/9 levels left

rFire    . . .     SeeInvis .   i - +2 morningstar (protect)
rCold    . . .     Gourm    .   j - +1 buckler
rNeg     . . .     Faith    .   (helmet restricted)
rPois    .         Spirit   .   (no amulet)
rElec    .         Reflect  .   f - ring of magical power
rCorr    +         Harm     .   u - ring of stealth
MR       .....                  D - ring of resist corrosion
Stlth    +++++.....             (no ring)
HPRegen  0.21/turn              (no ring)
MPRegen  0.18/turn              (no ring)
                                (no ring)
                                (no ring)

@: stab
A: almost no armour, stealthy swim, amphibious, 8 rings, constrict 8, camouflage
1, gelatinous body 1
a: Wall of Briars, Grow Ballistomycete, Renounce Religion


You were on level 10 of the Dungeon.
You worshipped Fedhas.
Fedhas was most pleased with you.
You were hungry.

You visited 1 branch of the dungeon, and saw 10 of its levels.
You also visited: Sewer.

You collected 389 gold pieces.

Inventory:

Hand Weapons
 a - a +2 quarterstaff
 i - a +2 morningstar of protection (weapon)
   (You found it on level 2 of the Dungeon)
 p - a +0 longbow
   (You found it in a sewer)
 s - a +4 vampiric hand axe
   (You took it off an orc on level 4 of the Dungeon)
 w - the +9 dagger "Grim" {freeze, +Rage}
   (You found it on level 9 of the Dungeon)

   It has been specially enchanted to freeze those struck by it, causing extra
   injury to most foes and up to half again as much damage against particularly
   susceptible opponents.
   It can also slow down cold-blooded creatures.
   It lets you go berserk.
Missiles
 g - 10 poisoned darts (quivered)
 A - 3 throwing nets
Armour
 j - a +1 buckler (worn)
   (You found it on level 1 of the Dungeon)
Jewellery
 f - a ring of magical power (left tentacle)
   (You found it on level 1 of the Dungeon)
 u - a ring of stealth (right tentacle)
   (You found it on level 5 of the Dungeon)
 D - a ring of resist corrosion (on tentacle)
   (You found it on level 7 of the Dungeon)
Wands
 o - a wand of paralysis (4)
   (You took it off an orc on level 8 of the Dungeon)
 r - a wand of polymorph (1)
   (You took it off Natasha on level 3 of the Dungeon)
 v - a wand of iceblast (27)
   (You found it on level 7 of the Dungeon)
 x - a wand of enslavement (7)
   (You found it on level 10 of the Dungeon)
 B - a wand of clouds (6)
   (You took it off a kobold on level 9 of the Dungeon)
 F - a wand of acid (4)
   (You found it on level 8 of the Dungeon)
Scrolls
 b - a scroll of amnesia
 k - 5 scrolls of teleportation
 m - a scroll of fear
 q - 2 scrolls of magic mapping
 y - 2 scrolls of fog
 C - 2 scrolls of blinking
 E - 3 scrolls of remove curse
Potions
 c - 3 potions of stabbing
 e - 2 potions of curing
 h - 2 potions of haste {unknown}
 l - a potion of magic {unknown}
 t - 2 potions of resistance
Miscellaneous
 z - a box of beasts
Comestibles
 d - 9 rations
 n - a chunk of flesh


   Skills:
 - Level 6.0 Fighting
 - Level 7.7(7.8) Maces & Flails
 - Level 2.0(5.2) Staves
 - Level 1.0 Throwing
 - Level 11.0 Dodging
 - Level 4.0 Stealth
 - Level 4.0 Shields
 + Level 2.2 Invocations
 - Level 6.0 Evocations


You had 9 spell levels left.
You didn't know any spells.
Your spell library was empty.

Dungeon Overview and Level Annotations

Branches:
Dungeon (10/15)            Temple (0/1) D:7            Lair (0/6) D:10
  Sewer (visited)
    Orc: D:9-12

Altars:
Cheibriados
Elyvilon
Fedhas
Kikubaaqudgha
Nemelex Xobeh
Okawaru
Qazlal
Sif Muna
Uskayaw
Zin
The Shining One

Annotations:
D:3 1 runed translucent door, Crazy Yiuf, Sigmund
D:5 exclusion: ogre
D:7 exclusion: 3 killer bees
D:9 exclusion: ice statue


Innate Abilities, Weirdness & Mutations

You cannot wear most types of armour.
You are very stealthy in the water. (Stealth+)
You are amphibious.
You can wear up to eight rings at the same time.
You can use your tentacles to constrict eight enemies at once.
Your skin changes colour to match your surroundings (Stealth+).
Your rubbery body absorbs attacks. (AC +1, EV +1)


Message History

Aiming: Iceblast
Press: ? - help, Shift-Dir - straight line Fedhas protects your plant from harm.
The mass of ice explodes!
Fedhas protects your plant from harm. x2
The iceblast engulfs something!
The iceblast engulfs the centaur!
You kill the centaur!
Fedhas accepts your kill. Something hits you.
* * * LOW HITPOINT WARNING * * *
Evoke which item? (* to show all) (? for menu, Esc to quit)
Aiming: Iceblast
Press: ? - help, Shift-Dir - straight line Fedhas protects your plant from harm.
The mass of ice explodes!
Fedhas protects your plant from harm. x2
Something hits you.
* * * LOW HITPOINT WARNING * * *
Something closely misses you.
Unknown command.
Unknown command.
It was a potion of stabbing.
You feel ready to backstab. Something hits you.
* * * LOW HITPOINT WARNING * * *
Something misses you.
You feel better. Something barely misses you.
Unknown command.
Something hits the plant.
Unknown command.
Evoke which item? (* to show all) (? for menu, Esc to quit)
Aiming: Iceblast
Press: ? - help, Shift-Dir - straight line The mass of ice explodes!
Fedhas protects your plant from harm.
Evoke which item? (* to show all) (? for menu, Esc to quit)
Aiming: Iceblast
Press: ? - help, Shift-Dir - straight line The mass of ice explodes!
The iceblast engulfs something!!
Fedhas accepts your kill.
Reactivating autopickup.
Training target 6.0 for Evocations reached!
Your Evocations skill increases to level 6!
You need to enable at least one skill for training.
Your Invocations skill gained 2 levels and is now at level 2!
You feel a bit more experienced. Fedhas protects your plant from harm.
The iceblast engulfs you!!
You die...
Fedhas appreciates your contribution to the ecosystem.

#......................
#......................
#......................
##P.P.P.P..............
#####....P.รท...............
.(....P.PP..PP.............
..(.P..........P...........
.#....P..####.P.P..........
.....P...'@)#P.P...........
.....PP.P#.>#..............
........)####.P..P.........
..#.......P...PP..##.......
....#....P...P.P.####......
...##...P.P.P....# #......
... ##...P..P....# .......
###.....P#..... .#...
##............ ##..


There were no monsters in sight!

Vanquished Creatures
  Harold (D:8)
  A two-headed ogre (D:9)
  An unseen horror (D:10)
  Pikel (D:4)
  Grinder (D:5)
  A fire bat (D:7)
  A steam dragon (D:9)
  A warg (D:7)
  A porcupine (D:10)
  A sky beast (D:6)
  An ice beast (D:9)
  2 black bears (D:10)
  3 orc warriors
  4 phantoms
  4 slaves (D:4)
  3 ogres
  A centaur (D:10)
  A crocodile (D:10)
  2 big kobolds
  4 bullfrogs
  A wyvern zombie (D:9)
  A water moccasin zombie (D:7)
  A wyvern skeleton (D:6)
  2 scorpions
  3 wights (D:6)
  A killer bee (D:6)
  A howler monkey (D:7)
  2 crimson imps
  A bullfrog zombie (D:5)
  10 orc priests
  3 hounds
  A bullfrog skeleton (D:5)
  2 jellies
  Terence (D:2)
  3 iguanas
  2 orc wizards
  Natasha (thrice) (D:3)
  7 worker ants
  A hound zombie (D:5)
  A worker ant zombie (D:5)
  A gnoll (D:1)
  6 adders
  2 shadow imps (D:7)
  3 adder skeletons
  3 worms
  A dart slug (D:2)
  6 leopard geckos
  44 orcs
  3 ball pythons
  11 bats
  3 giant cockroaches
  6 goblins
  5 hobgoblins
  13 jackals
  8 quokkas
  A ball python skeleton (D:4)
  6 frilled lizards
  18 kobolds
  A leopard gecko skeleton (D:8)
  A leopard gecko zombie (D:5)
  11 rats
235 creatures vanquished.

Vanquished Creatures (collateral kills)
  An orc wizard (D:8)
  A worker ant (D:9)
2 creatures vanquished.

Vanquished Creatures (others)
  2 fungi (D:10)
  2 plants (D:10)
4 creatures vanquished.

Grand Total: 241 creatures vanquished

Notes
Turn   | Place    | Note
-------+----------+-------------------------------------------
     0 | D:1      | Flugkiller the Octopode Wanderer began the quest for the
                  | Orb.
     0 | D:1      | Flugkiller set off with the following items: a +2
                  | quarterstaff, 2 potions of lignification, a +0 dagger, a
                  | ration
     0 | D:1      | Reached XP level 1. HP: 14/14 MP: 1/1
   484 | D:1      | Reached XP level 2. HP: 16/19 MP: 2/2
   900 | D:1      | Reached XP level 3. HP: 16/24 MP: 3/3
  1508 | D:2      | Noticed Terence
  1660 | D:2      | Reached skill level 4 in Dodging
  2130 | D:2      | Reached XP level 4. HP: 30/30 MP: 4/4
  2452 | D:2      | Killed Terence
  2452 | D:2      | Reached skill level 1 in Maces & Flails
  2940 | D:3      | Found a runed translucent door.
  2941 | D:3      | Noticed Crazy Yiuf
  3078 | D:3      | Noticed Sigmund
  3237 | D:3      | Noticed Natasha
  3245 | D:3      | Killed Natasha
  3245 | D:3      | Reached XP level 5. HP: 34/36 MP: 5/5
  3308 | D:3      | Found a glowing drain.
  3312 | Sewer    | Entered a sewer
  3396 | Sewer    | Noticed Purgy
  3886 | D:3      | Noticed Natasha
  3894 | D:3      | Killed Natasha
  4012 | D:3      | Noticed Natasha
  4028 | D:3      | Killed Natasha
  4334 | D:4      | Noticed an ogre
  4346 | D:4      | Killed an ogre
  4346 | D:4      | Reached XP level 6. HP: 42/42 MP: 6/6
  5064 | D:4      | Reached skill level 5 in Dodging
  5071 | D:4      | Reached XP level 7. HP: 31/46 MP: 7/7
  5266 | D:4      | Noticed Pikel
  6249 | D:4      | Killed Pikel
  6249 | D:4      | Reached skill level 6 in Dodging
  6249 | D:4      | Reached XP level 8. HP: 52/54 MP: 8/8
  6328 | D:5      | Entered Level 5 of the Dungeon
  6333 | D:5      | Found a white marble altar of Elyvilon.
  6334 | D:5      | Found an iron altar of Okawaru.
  6379 | D:5      | Found a stormy altar of Qazlal.
  6379 | D:5      | Found a glowing golden altar of the Shining One.
  6379 | D:5      | Found a shimmering blue altar of Sif Muna.
  6380 | D:5      | Found a hide-covered altar of Uskayaw.
  6381 | D:5      | Found an ancient bone altar of Kikubaaqudgha.
  6382 | D:5      | Found a sparkling altar of Nemelex Xobeh.
  6383 | D:5      | Found a blossoming altar of Fedhas.
  6393 | D:5      | Became a worshipper of Fedhas Madash
  6428 | D:5      | Noticed Grinder
  6453 | D:5      | Paralysed by Grinder for 6 turns
  6463 | D:5      | Killed Grinder
  6463 | D:5      | Reached skill level 5 in Fighting
  6658 | D:5      | Reached skill level 7 in Dodging
  8021 | D:6      | Reached skill level 8 in Dodging
  8522 | D:6      | Reached skill level 5 in Maces & Flails
  8522 | D:6      | Reached XP level 9. HP: 43/61 MP: 9/9
  8559 | D:6      | Got an iridescent falchion
  8747 | D:6      | Found a glowing silver altar of Zin.
  8747 | D:6      | Noticed an angel
  8936 | D:6      | Reached * piety under Fedhas
  9647 | D:7      | Identified the cursed +0 falchion "Engoil Iniu" {vorpal,
                  | rPois MR+} (You found it on level 6 of the Dungeon)
 10012 | D:7      | Found a snail-covered altar of Cheibriados.
 11133 | D:7      | Reached ** piety under Fedhas
 11133 | D:7      | Reached skill level 9 in Dodging
 11230 | D:7      | Found a staircase to the Ecumenical Temple.
 12219 | D:7      | Reached skill level 10 in Dodging
 12388 | D:8      | Noticed Harold
 13247 | D:8      | Killed Harold
 13247 | D:8      | Reached skill level 11 in Dodging
 13247 | D:8      | Reached XP level 10. HP: 28/68 MP: 10/10
 13539 | D:9      | Noticed a two-headed ogre
 13697 | D:9      | Killed a two-headed ogre
 14214 | D:9      | Reached skill level 1 in Evocations
 14276 | D:9      | Reached *** piety under Fedhas
 14292 | D:9      | Got an iridescent dagger
 14293 | D:9      | Identified the +9 dagger "Grim" {freeze, +Rage} (You found
                  | it on level 9 of the Dungeon)
 14564 | D:9      | Noticed an ice statue
 14700 | D:10     | Entered Level 10 of the Dungeon
 15399 | D:10     | Found a staircase to the Lair.
 15404 | D:10     | Reached skill level 5 in Evocations
 15440 | D:10     | Killed an unseen horror
 15440 | D:10     | Killed themself with a badly aimed iceblast

Illustrated notes

Levels and vault maps discovered:
D:1:      eino_arrival_water_star, layout_basic, chequers_serial_rivers_micro_d,
          minmay_splitting_lines, grunt_decor_mini_mirrors
D:2:      minmay_general_purpose_star, layout_loops_ring,
          minmay_misc_feat_roman, uniq_terence
D:3:      layout_loops_corners, first_ration, gup_sewer_entry_spiral,
          uniq_sigmund, uniq_natasha, uniq_crazy_yiuf_cottage
D:4:      layout_loops_ring, uniq_pikel
D:5:      layout_basic, minitemple, uniq_grinder
D:6:      layout_basic, zin_angel, bh_walls_and_bars
D:7:      minmay_spotlight, layout_rooms, minmay_temple_entry_butterflies,
          basic_altar, grunt_ogre_cave
D:8:      layout_rooms, uniq_harold
D:9:      lemuel_ice_statue, layout_rooms
D:10:     layout_layer_cave, grunt_lair_entry_orc_guard_hut

Skill      XL: |  1  2  3  4  5  6  7  8  9 10 |
---------------+-------------------------------+-----
Stealth        | 3 4 |  4.0
Dodging        | 4 5 6 8 11 | 11.0
Maces & Flails | 2 3 5 6 7 |  7.7
Fighting       | 3 4 5 6 |  6.0
Shields        | 2 3 4 |  4.0
Evocations     | 6 |  6.0
Invocations    | 2 |  2.2
Staves         | |  2.0
Throwing       | |  1.0

Action                   |  1- 3 |  4- 6 |  7- 9 | 10-12 || total
-------------------------+-------+-------+-------+-------++-------
Melee: Quarterstaff      |    71 |       |       |       ||    71
       Constrict         |    22 |    25 |    71 |    17 ||   135
       Tentacles         |     3 |    15 |    78 |    22 ||   118
       Morningstar       |     3 |   112 |   220 |   108 ||   443
       Hand axe          |       |       |   110 |       ||   110
Throw: Dart              |       |     5 |    19 |     2 ||    26
Invok: Wall of Briars    |       |       |     1 |     2 ||     3
Evoke: Wand              |       |       |    14 |    11 ||    25
  Use: Scroll            |       |     8 |    10 |     5 ||    23
       Potion            |       |     2 |     8 |     2 ||    12
 Stab: Sleeping          |     8 |    22 |    13 |     4 ||    47
       Distracted        |       |       |     2 |       ||     2
       Paralysed         |       |       |     5 |       ||     5
  Eat: Chunk             |     4 |     6 |    11 |     4 ||    25
       Ration            |       |     1 |     5 |       ||     6
Armor: Skin              |    13 |    15 |    17 |     9 ||    54
Dodge: Dodged            |    61 |    60 |   215 |   120 ||   456
Block: Buckler           |       |     9 |    61 |    29 ||    99

Table legend:
 A = Non-vault XP
 B = Vault XP
 C = Vault XP percentage of total XP
 D = Non-vault monster count
 E = Vault monster count
 F = Vault count percentage of total count
                 A         B        C        D         E       F
            +---------+---------+-------+---------+---------+-------
      Total |    6060 |    3054 |  33.5 |     204 |      29 |  12.4
            +---------+---------+-------+---------+---------+-------
        D:1 |      58 |       0 |   0.0 |      28 |       0 |   0.0
        D:2 |      43 |      41 |  48.8 |      16 |       4 |  20.0
        D:3 |     135 |      52 |  27.8 |      21 |       6 |  22.2
        D:4 |     396 |     607 |  60.5 |      23 |       1 |   4.2
        D:5 |     319 |     267 |  45.6 |      13 |       1 |   7.1
        D:6 |     680 |       0 |   0.0 |      18 |       0 |   0.0
        D:7 |     825 |     396 |  32.4 |      18 |       6 |  25.0
        D:8 |     766 |     960 |  55.6 |      35 |       1 |   2.8
        D:9 |    1830 |       0 |   0.0 |      27 |       0 |   0.0
       D:10 |    1008 |     714 |  41.5 |       5 |       6 |  54.5
      Sewer |       0 |      17 | 100.0 |       0 |       4 | 100.0
            +---------+---------+-------+---------+---------+-------
